 Dungeon Crawl Stone Soup version 0.21-a0-642-g5d013b2151 (console) character file.

3458 Harunobu the Grappler (level 9, -1/85 HPs)
             Began as a Troll Monk on Dec 31, 2017.
             Succumbed to a killer bee's poison
             ... on level 7 of the Dungeon.
             The game lasted 00:12:52 (6825 turns).

Harunobu the Grappler (Troll Monk)                  Turns: 6825, Time: 00:12:52

Health: -1/85      AC:  5    Str: 23    XL:     9   Next: 78%
Magic:  8/8        EV: 13    Int: 11    God:
Gold:   380        SH:  4    Dex: 18    Spells: 8/8 levels left

rFire    . . .     SeeInvis .     - Unarmed
rCold    . . .     Gourm    +   (no shield)
rNeg     . . .     Faith    .   a - +0 robe
rPois    .         Spirit   .   (helmet restricted)
rElec    .         Reflect  +   (no cloak)
rCorr    .         Harm     .   (gloves unavailable)
MR       .....                  (boots unavailable)
Stlth    +++.......             H - +4 amulet of reflection
HPRegen  0.64/turn              y - +5 ring of dexterity
MPRegen  0.11/turn              E - ring of flight

@: brilliant, lethally poisoned (-1 -> -22)
A: large, unfitting armour, claws 3, fast metabolism 3, gourmand, regeneration
1, shaggy fur 1, tough skin 2
a: Evoke Flight


You were on level 7 of the Dungeon.
You were completely stuffed.

You visited 2 branches of the dungeon, and saw 9 of its levels.

You collected 380 gold pieces.

Inventory:

Armour
 a - a +0 robe (worn)
Jewellery
 f - an uncursed ring of wizardry
 y - a +5 ring of dexterity (left claw)
 E - a ring of flight (right claw)
 H - a +4 amulet of reflection (around neck)
Wands
 p - a wand of disintegration (26)
 s - a wand of random effects (22)
 D - a wand of enslavement (29)
Scrolls
 c - 7 scrolls of remove curse
 e - 3 scrolls of teleportation {unknown}
 h - 2 scrolls of fear {unknown}
 i - 4 scrolls of amnesia {unknown}
 j - a scroll of magic mapping {unknown}
 l - a scroll of blinking {unknown}
 n - 9 scrolls of identify
 o - a scroll of noise {unknown}
 q - 2 scrolls of fog {unknown}
 r - 3 scrolls of enchant armour {unknown}
Potions
 d - 4 potions of curing {unknown}
 g - 4 potions of brilliance
 k - 3 potions of cancellation {unknown}
 m - 2 potions of degeneration {unknown}
 t - a potion of might {unknown}
 u - a potion of berserk rage {unknown}
 v - a potion of invisibility {unknown}
 w - 2 potions of ambrosia {unknown}
 x - 2 potions of heal wounds {unknown}
 z - a potion of agility {unknown}
 A - a potion of flight {unknown}
 B - 3 potions of mutation {unknown}
 G - a potion of haste {unknown}
Books
 C - a book of Flames

   Spells                             Type                      Level
   a - Flame Tongue                   Conjuration/Fire             1
   b - Throw Flame                    Conjuration/Fire             2
   c - Conjure Flame                  Conjuration/Fire             3
   d - Inner Flame                    Hexes/Fire                   3
   e - Sticky Flame                   Conjuration/Fire             4
   f - Fireball                       Conjuration/Fire             5
 F - a book of Maledictions

   Spells                             Type                      Level
   a - Corona                         Hexes                        1
   b - Ensorcelled Hibernation        Hexes/Ice                    2
   c - Confuse                        Hexes                        3
   d - Tukima's Dance                 Hexes                        3
   e - Dazzling Spray                 Conjuration/Hexes            3
Comestibles
 b - 15 rations
 I - 4 chunks of flesh


   Skills:
 + Level 4.4 Fighting
 + Level 5.2 Dodging
 + Level 3.5 Stealth
 + Level 11.0 Unarmed Combat


You had 8 spell levels left.
You didn't know any spells.

Dungeon Overview and Level Annotations

Branches:
Dungeon (8/15)             Temple (1/1) D:6
   Lair: D:8-11

Altars:
Ashenzari
Cheibriados
Dithmenos
Elyvilon
Fedhas
Gozag
Hepliaklqana
Kikubaaqudgha
Makhleb
Nemelex Xobeh
Okawaru
Qazlal
Ru
Sif Muna
Uskayaw
Wu Jian
Xom
Yredelemnul
Zin
The Shining One


Innate Abilities, Weirdness & Mutations

You are too large for most types of armour.
You have claws for hands.
Your metabolism is lightning-fast.
You like to eat raw meat.
Your natural rate of healing is unusually fast.
You are covered in fur. (AC +1)
You have very tough skin. (AC +2)


Message History

You are more poisoned.
The killer bee poisons you! The killer bee stings you.
* * * LOW HITPOINT WARNING * * *
The killer bee barely misses you. The killer bee misses you.
You block the killer bee's attack. The killer bee stings you.
* * * LOW HITPOINT WARNING * * *
You are lethally poisoned!
The killer bee poisons you! The killer bee stings you.
* * * LOW HITPOINT WARNING * * *
You are more poisoned.
The killer bee poisons you! You block the killer bee's attack.
The killer bee stings you.
* * * LOW HITPOINT WARNING * * *
You climb upwards.
* * * LOW HITPOINT WARNING * * *
You feel very sick.
There is a stone staircase leading down, spattered with blood here.
It was a potion of brilliance.
You feel clever all of a sudden.
You die...

.........##....#.##.....# #.#
#........##.#..#.##.#...# #.#
#........##.#<.#.##.#.#####.#
#........##.#..#..........#.#
#...................#.###.#.#
#.........#...........# #.#.#
#.........###....########.#.#
#.........# #..yy.........#.#
#.........# ###y@##########.#
..........# ##.# #.......#
#........## #†# #.#######
########## #.####.###
#.#......# #.#.##.#.#
#.#.##.#.# #.#....#.#
#.######(###


You could see 3 killer bees.

Vanquished Creatures
  The ghost of brujo666 the Cruncher, a novice FoCK of Xom (D:6)
  The ghost of Kaname the Destroyer, a novice DsWz of Vehumet (D:7)
  A wraith (D:6)
  A yak (D:7)
  A hungry ghost (D:6)
  The ghost of brujo666 the Chucker, an amateur DsGl (D:3)
  2 porcupines
  An orc warrior (D:6)
  A sky beast (D:6)
  2 ice beasts
  A phantom (D:6)
  2 centaurs
  3 ogres
  A big kobold (D:5)
  2 bullfrogs (D:7)
  2 scorpions (D:7)
  A crimson imp (D:7)
  A jelly (D:7)
  3 orc priests
  2 orc wizards
  A centaur skeleton (D:6)
  2 iguanas (D:7)
  2 worker ants
  6 adders
  A shadow imp (D:7)
  An ooze (D:2)
  2 worms (D:2)
  2 dart slugs
  3 leopard geckos
  13 orcs
  2 bats
  2 giant cockroaches (D:1)
  11 goblins
  8 hobgoblins
  3 jackals (D:2)
  6 quokkas
  2 ball pythons
  7 frilled lizards
  11 kobolds
  A quokka skeleton (D:6)
  4 rats
120 creatures vanquished.

Notes
Turn   | Place    | Note
-------+----------+-------------------------------------------
     0 | D:1      | Harunobu the Troll Monk began the quest for the Orb.
     0 | D:1      | Reached XP level 1. HP: 22/22 MP: 0/0
   292 | D:1      | Reached XP level 2. HP: 23/29 MP: 1/1
   689 | D:2      | Reached XP level 3. HP: 29/36 MP: 2/2
   807 | D:2      | Found an opulent altar of Gozag.
  1352 | D:3      | Reached XP level 4. HP: 44/44 MP: 3/3
  1365 | D:2      | Reached skill level 4 in Unarmed Combat
  1863 | D:3      | Found a radiant altar of Vehumet.
  1865 | D:3      | Found a shattered altar of Ashenzari.
  1865 | D:3      | Found a burning altar of Makhleb.
  1867 | D:3      | Found a shimmering altar of Xom.
  1867 | D:3      | Found a basalt altar of Yredelemnul.
  1867 | D:3      | Found a hazy altar of Hepliaklqana.
  2007 | D:3      | Noticed brujo666's ghost (amateur DsGl)
  2027 | D:3      | Killed brujo666's ghost
  2027 | D:3      | Reached skill level 5 in Unarmed Combat
  2027 | D:3      | Reached XP level 5. HP: 10/52 MP: 4/4
  2438 | D:4      | Reached XP level 6. HP: 59/59 MP: 5/5
  3064 | D:5      | Entered Level 5 of the Dungeon
  3076 | D:5      | Noticed an ice beast
  3082 | D:5      | Killed an ice beast
  3082 | D:5      | Reached skill level 6 in Unarmed Combat
  3235 | D:5      | Reached XP level 7. HP: 67/67 MP: 6/6
  3404 | D:5      | Found a sacrificial altar of Ru.
  4104 | D:6      | Reached skill level 7 in Unarmed Combat
  4238 | D:6      | Found a staircase to the Ecumenical Temple.
  4268 | Temple   | Entered the Ecumenical Temple
  4509 | D:6      | Found a burning altar of Makhleb.
  4511 | D:6      | Noticed a balrug
  4599 | D:6      | Noticed brujo666's ghost (novice FoCK)
  4671 | D:6      | Found a basalt altar of Yredelemnul.
  4673 | D:6      | Noticed a wraith
  4688 | D:6      | Killed a wraith
  4688 | D:6      | Reached XP level 8. HP: 70/75 MP: 7/7
  4906 | D:6      | Killed brujo666's ghost
  4906 | D:6      | Reached skill level 9 in Unarmed Combat
  5520 | D:7      | Reached XP level 9. HP: 80/84 MP: 8/8
  5896 | D:7      | Noticed Kaname's ghost (novice DsWz)
  6343 | D:7      | Killed Kaname's ghost
  6343 | D:7      | Reached skill level 10 in Unarmed Combat
  6542 | D:8      | Reached skill level 5 in Dodging
  6696 | D:7      | Reached skill level 11 in Unarmed Combat
  6813 | D:8      | Noticed a queen bee
  6824 | D:7      | HP: 1/85 [poisoned by a killer bee]
  6825 | D:7      | Succumbed to a killer bee's poison

Vault maps used:
D:1:      dpeg_arrival_houses_and_road
D:2:      grunt_gozag_breadcrumbs
D:3:      doesnt_xom_only_xom
D:4:      roderic_lattice_a
D:5:      cheibrodos_thug_alley, nicolae_overflow_hidden_temple, first_ration
D:6:      makhleb_altar_promises_db, lemuel_crystal_altar,
          minmay_temple_entry_mist
D:8:      vehumet_crystals, grunt_lair_entry_orc_guard_hut, serial_shops, shop,
          david_nohive_1, glass_columns_a, st_stairs_8,
          nicolae_looking_at_the_future, uniq_pikel
Temple:   nicolae_temple_elliptical

Skill      XL: |  1  2  3  4  5  6  7  8  9 |
---------------+----------------------------+-----
Unarmed Combat | 5 6 7 9 11 | 11.0
Dodging        | 3 4 5 |  5.2
Fighting       | 3 4 |  4.4
Stealth        | 2 3 |  3.5

Action                   |  1- 3 |  4- 6 |  7- 9 || total
-------------------------+-------+-------+-------++-------
Melee: Unarmed           |    91 |    89 |   202 ||   382
       Punch             |     3 |     5 |     7 ||    15
  Use: Scroll            |     1 |       |     1 ||     2
       Potion            |       |       |     1 ||     1
 Stab: Sleeping          |     5 |       |     3 ||     8
  Eat: Chunk             |    17 |    15 |    32 ||    64
       Ration            |       |       |     2 ||     2
Armor: Robe              |    24 |    19 |    33 ||    76
Dodge: Dodged            |    35 |    42 |   103 ||   180
Block: Other             |       |       |    19 ||    19
       Reflection        |       |       |     1 ||     1

Table legend:
 A = Spawn XP
 B = Non-spawn XP
 C = Spawn XP percentage of total XP
 D = Spawn monster count
 E = Non-spawn monster count
 F = Spawn count percentage of total count
 G = Total turns spent on level
                    A         B        C        D         E        F      G
               +---------+---------+-------+---------+---------+-------+---------
         Total |       0 |    4940 |   0.0 |       0 |     120 |   0.0 |  6825
               +---------+---------+-------+---------+---------+-------+---------
           D:1 |       0 |      24 |   0.0 |       0 |      14 |   0.0 |   593
           D:2 |       0 |     114 |   0.0 |       0 |      27 |   0.0 |   790
           D:3 |       0 |     193 |   0.0 |       0 |      10 |   0.0 |   867
           D:4 |       0 |     165 |   0.0 |       0 |       5 |   0.0 |   814
           D:5 |       0 |     477 |   0.0 |       0 |      23 |   0.0 |  1026
           D:6 |       0 |    1658 |   0.0 |       0 |      15 |   0.0 |  1066
           D:7 |       0 |    1877 |   0.0 |       0 |      20 |   0.0 |  1323
           D:8 |       0 |     432 |   0.0 |       0 |       6 |   0.0 |   202
               +---------+---------+-------+---------+---------+-------+---------
